 Dungeon Crawl Stone Soup version 0.24.0-13-gcf9b319 (webtiles) character file.

Game seed: 3455450113592544486, levelgen mode: deterministic

85 Dharzhak the Changer (level 4, 0/28 HPs)
             Began as an Octopode Transmuter on Dec 15, 2019.
             Slain by a frilled lizard (1 damage)
             ... on level 3 of the Dungeon.
             The game lasted 00:07:14 (2961 turns).

Dharzhak the Changer (Octopode Transmuter)          Turns: 2961, Time: 00:07:14

Health: 0/28       AC:  1    Str:  9    XL:     4   Next: 48%
Magic:  6/7        EV: 13    Int: 16    God:
Gold:   96         SH:  0    Dex: 12    Spells: 1/7 levels left

rFire    . . .     SeeInvis .     - Unarmed
rCold    . . .     Gourm    .   (no shield)
rNeg     . . .     Faith    .   (helmet restricted)
rPois    .         Spirit   .   (no amulet)
rElec    .         Reflect  .   (no ring)
rCorr    .         Harm     .   (no ring)
MR       .....                  (no ring)
Stlth    ++........             (no ring)
HPRegen  0.09/turn              (no ring)
MPRegen  0.10/turn              (no ring)
                                (no ring)
                                (no ring)

@: appendage
A: almost no armour, stealthy swim, amphibious, 8 rings, constrict 8, tentacle
spike 3, camouflage 1, gelatinous body 1
a: End Transformation


You were on level 3 of the Dungeon.
You were not hungry.
One of your tentacles had a temporary spike.
You visited 1 branch of the dungeon, and saw 3 of its levels.

You collected 96 gold pieces.

Inventory:

Missiles
 a - 12 arrows
 g - 23 poisoned darts (quivered)
Scrolls
 e - 2 scrolls of remove curse {unknown}
 h - a scroll of enchant armour {unknown}
 j - a scroll of noise {unknown}
Potions
 d - a potion of flight {unknown}
 f - a potion of berserk rage {unknown}
 i - a potion of mutation {unknown}
Comestibles
 c - 5 rations


   Skills:
 - Level 1.0 Fighting
 + Level 0.1 Throwing
 - Level 2.2 Dodging
 - Level 0.4 Stealth
 - Level 3.5 Unarmed Combat
 - Level 2.2 Spellcasting
 + Level 3.8 Transmutations


You had one spell level left.
You knew the following spells:

 Your Spells              Type           Power        Failure   Level  Hunger
a - Beastly Appendage     Tmut           ##....       4%          1    #......
b - Sticks to Snakes      Tmut           ##......     6%          2    ###....
c - Spider Form           Tmut/Pois      #.........   28%         3    ###....

Your spell library contained the following spells:

 Spells                   Type           Power        Failure   Level  Hunger
 Ice Form                 Ice/Tmut       #.......     67%         4    #####..
 Blade Hands              Tmut           ##........   75%         5    ######.


Dungeon Overview and Level Annotations

Branches:
Dungeon (3/15)

Altars:


Innate Abilities, Weirdness & Mutations

You cannot wear most types of armour.
You are very stealthy in the water. (Stealth+)
You are amphibious.
You can wear up to eight rings at the same time.
You can use your tentacles to constrict eight enemies at once.
Your skin changes colour to match your surroundings (Stealth+).
Your rubbery body absorbs attacks. (AC +1, EV +1)
One of your tentacles bears a large vicious spike.


Message History

The gnoll is severely wounded.
You constrict the gnoll, but do no damage.
The gnoll hits you from afar with a +0 spear.
The gnoll hits you but does no damage.
You tentacle-slap the gnoll.
You pierce the gnoll.
You kill the gnoll!
The gnoll hits you from afar with a +0 spear.
* * * LOW HITPOINT WARNING * * *
The gnoll barely misses you. The gnoll hits you with a +0 spear.
* * * LOW HITPOINT WARNING * * *
The frilled lizard bites you.
* * * LOW HITPOINT WARNING * * *
The gnoll closely misses you.
Found 9 poisoned darts.
You see here a +0 club.
The gnoll misses you. The gnoll closely misses you.
There is a stone staircase leading up, spattered with blood here.
The frilled lizard bites you.
You die...

## (.##
###....
(#....$ #
##.......
#..##@.#
#.gl.# ..
#..g.#
l##....#
......#
......(#
..#.#..<.#
# #.#....#
# #....#


You could see 2 gnolls and a frilled lizard.

Vanquished Creatures
  A gnoll (D:3)
  3 worms (D:2)
  5 dart slugs
  A leopard gecko (D:1)
  2 giant cockroaches
  7 goblins
  9 hobgoblins
  3 jackals (D:1)
  7 kobolds
  A quokka (D:2)
  6 bats
  6 frilled lizards
  3 rats
54 creatures vanquished.

Notes
Turn   | Place    | Note
-------+----------+-------------------------------------------
     0 | D:1      | Dharzhak the Octopode Transmuter began the quest for the
                  | Orb.
     0 | D:1      | Reached XP level 1. HP: 13/13 MP: 3/3
   267 | D:1      | Reached XP level 2. HP: 18/18 MP: 3/5
   971 | D:1      | Reached XP level 3. HP: 15/23 MP: 4/6
  2099 | D:2      | Reached XP level 4. HP: 27/28 MP: 7/7
  2325 | D:2      | Learned a level 2 spell: Sticks to Snakes
  2329 | D:2      | Learned a level 3 spell: Spider Form
  2959 | D:3      | HP: 1/28 [frilled lizard (2)]
  2961 | D:3      | Slain by a frilled lizard

Levels and vault maps discovered:
D:1:      psy_arrival_basics, layout_loops_cross
D:2:      layout_loops_ring, nicolae_underground_beach
D:3:      layout_rooms, regret_index_temple_of_mockery,
          lemuel_coloured_pillars_altar, first_ration, kennysheep_potato

Skill      XL: |  1  2  3 |
---------------+----------+-----
Transmutations | 3 |  3.8
Fighting       | |  1.0
Throwing       | |  0.1
Dodging        | |  2.2
Stealth        | |  0.4
Unarmed Combat | |  3.5
Spellcasting   | |  2.2

Action                   |  1- 3 |  4- 6 || total
-------------------------+-------+-------++-------
Melee: Unarmed           |    84 |    24 ||   108
       Kick              |    14 |     5 ||    19
       Constrict         |    20 |     7 ||    27
       Tentacles         |    14 |     3 ||    17
       Punch             |     1 |       ||     1
Throw: Dart              |       |     7 ||     7
 Cast: Beastly Appendage |    24 |     7 ||    31
 Stab: Sleeping          |     5 |     2 ||     7
  Eat: Chunk             |     4 |     3 ||     7
Armor: Skin              |     5 |     1 ||     6
Dodge: Dodged            |    48 |    12 ||    60
